MLB
TORONTO BLUE JAYS @ NEW YORK YANKEES
09/20/2019
 
TOP OF THE 1ST
Toronto Blue Jays batting - Pitching for New York Yankees : LHP Caleb Ferguson
Pitching: LHP Caleb Ferguson
Batting: RHB Keon Broxton 0-0: Called Strike
0-1: Ball
1-1: Swinging Strike
1-2: Ball
2-2: SINGLE (Groundball, 56, EV 108.8 MPH)
Batting: RHB Elvis Andrus 0-0: Ball
1-0: SINGLE (Line Drive, 34, EV 93.8 MPH)
Keon Broxton to second
Runner from 2nd tries for 3rd, SAFE, no throw by RF
Batting: RHB Kris Bryant 0-0: Ball
1-0: Swinging Strike
1-1: Swinging Strike
1-2: Ball
2-2: Strikes out swinging
Batting: RHB Nicholas Castellanos 0-0: Ball
1-0: Ball
2-0: Reached on error, E5 (Groundball, 56, EV 106.9 MPH)
Keon Broxton scores
Elvis Andrus to second
Batting: RHB Yoenis Cespedes 0-0: Foul Ball, location: 2F
0-1: Ball
1-1: Foul Ball, location: 2F
1-2: Strikes out swinging
Batting: SHB Josh Bell 0-0: Ball
1-0: Fly out, F6 (Popup, 6MS, EV 85.6 MPH)
Top of the 1st over - 1 run, 2 hits, 1 error, 2 left on base; Toronto 1 - New York 0
BOTTOM OF THE 1ST
New York Yankees batting - Pitching for Toronto Blue Jays : LHP Robbie Erlin
Pitching: LHP Robbie Erlin
Batting: RHB Garrett Hampson 0-0: Called Strike
0-1: Ball
1-1: Ball
2-1: Swinging Strike
2-2: Strikes out swinging
Batting: LHB Brandon Crawford 0-0: Called Strike
0-1: Ball
1-1: SINGLE (Line Drive, 8LS, EV 92.5 MPH)
Batting: RHB Anthony Rendon 0-0: Ball
1-0: Called Strike
1-1: Swinging Strike
Brandon Crawford steals 2nd base
1-2: Ball
2-2: Ball
3-2: SINGLE (Line Drive, 7S, EV 106.9 MPH)
Brandon Crawford to third
Batting: RHB Paul Goldschmidt 0-0: Ball
1-0: Fly out, F8 (Flyball, 8RS, EV 88.1 MPH)
Batting: RHB Ryan Braun 0-0: Called Strike
0-1: Called Strike
0-2: Ball
1-2: Foul Ball, location: 2F
1-2: Fielders Choice at 2nd, 6-4 (Groundball, 56, EV 81.9 MPH)
Bottom of the 1st over - 0 runs, 2 hits, 0 errors, 2 left on base; Toronto 1 - New York 0
TOP OF THE 2ND
Toronto Blue Jays batting - Pitching for New York Yankees : LHP Caleb Ferguson
Batting: RHB Travis d'Arnaud 0-0: Called Strike
0-1: Ground out 4-3 (Groundball, 4S, EV 88.1 MPH)
Batting: RHB Juan Lagares 0-0: Ball
1-0: Ball
2-0: Foul Ball, location: 2F
2-1: Ball
3-1: Base on Balls
Batting: RHB Dixon Machado 0-0: Ball
1-0: Foul Ball, location: 2F
1-1: Foul Ball, location: 2F
1-2: Grounds into double play, 1-6-3 (Groundball, 13, EV 86.3 MPH)
Top of the 2nd over - 0 runs, 0 hits, 0 errors, 0 left on base; Toronto 1 - New York 0
BOTTOM OF THE 2ND
New York Yankees batting - Pitching for Toronto Blue Jays : LHP Robbie Erlin
Batting: RHB Eloy Jimenez 0-0: Swinging Strike
0-1: Called Strike
0-2: Strikes out looking
Batting: LHB Willie Calhoun 0-0: Ball
1-0: Ball
2-0: Called Strike
2-1: Foul Ball, location: 2F
2-2: Ball
3-2: Base on Balls
Batting: RHB James McCann 0-0: Ball
1-0: Ball
2-0: Ball
3-0: Base on Balls
Willie Calhoun to second
Batting: LHB Tony Kemp 0-0: Ball
1-0: Foul Ball, location: 2F
1-1: Foul Ball, location: 2F
1-2: Reached on error, E3 (Groundball, 3L, EV 103.1 MPH)
Willie Calhoun to third
James McCann to second
Batting: RHB Garrett Hampson 0-0: Ball
1-0: Ground out 5-3 (Groundball, 56S, EV 78.8 MPH)
Willie Calhoun scores
James McCann to third
Tony Kemp to second
Batting: LHB Brandon Crawford 0-0: Foul Ball, location: 2F
0-1: Ground out 4-3 (Groundball, 4, EV 91.3 MPH)
Bottom of the 2nd over - 1 run, 0 hits, 1 error, 2 left on base; Toronto 1 - New York 1
TOP OF THE 3RD
Toronto Blue Jays batting - Pitching for New York Yankees : LHP Caleb Ferguson
Batting: RHB Keon Broxton 0-0: DOUBLE (Groundball, 5L, EV 94.4 MPH)
Batting: RHB Elvis Andrus 0-0: Ball
1-0: Ball
2-0: Ball
3-0: Foul Ball, location: 2F
3-1: Called Strike
3-2: Foul Ball, location: 2F
3-2: Base on Balls
Batting: RHB Kris Bryant 0-0: Foul Ball, location: 2F
0-1: Foul Ball, location: 2F
0-2: Strikes out swinging
Batting: RHB Nicholas Castellanos 0-0: Called Strike
Keon Broxton steals 3rd base
Elvis Andrus to second
0-1: Ball
1-1: Ball
2-1: Fly out, F9 (Flyball, 9S, EV 85.0 MPH)
Batting: RHB Yoenis Cespedes 0-0: Foul Ball, location: 2F
0-1: Ball
1-1: Foul Ball, location: 2F
1-2: Strikes out swinging
Top of the 3rd over - 0 runs, 1 hit, 0 errors, 2 left on base; Toronto 1 - New York 1
BOTTOM OF THE 3RD
New York Yankees batting - Pitching for Toronto Blue Jays : LHP Robbie Erlin
Batting: RHB Anthony Rendon 0-0: Ball
1-0: Called Strike
1-1: Ball
2-1: Called Strike
2-2: SINGLE (Flyball, 8LS, EV 90.0 MPH)
Batting: RHB Paul Goldschmidt 0-0: Ball
1-0: Fly out, F3 (Popup, 3S, EV 75.0 MPH)
Batting: RHB Ryan Braun 0-0: Fly out, F7 (Flyball, 7LS, EV 83.8 MPH)
Batting: RHB Eloy Jimenez 0-0: Called Strike
0-1: Fielders Choice at 2nd, 5-4 (Groundball, 56, EV 102.5 MPH)
Bottom of the 3rd over - 0 runs, 1 hit, 0 errors, 1 left on base; Toronto 1 - New York 1
TOP OF THE 4TH
Toronto Blue Jays batting - Pitching for New York Yankees : LHP Caleb Ferguson
Batting: SHB Josh Bell 0-0: DOUBLE (Line Drive, 78D, EV 106.3 MPH)
Batting: RHB Travis d'Arnaud 0-0: Ball
1-0: Foul Ball, location: 2F
1-1: Foul Ball, location: 2F
1-2: Strikes out swinging
Batting: RHB Juan Lagares 0-0: Ball
1-0: SINGLE (Groundball, 56S, EV 68.1 MPH) (infield hit)
Josh Bell to third
Batting: RHB Dixon Machado 0-0: Ball
1-0: Called Strike
1-1: Called Strike
1-2: Strikes out swinging
Batting: RHB Keon Broxton 0-0: Foul Ball, location: 2F
0-1: Swinging Strike
0-2: Ball
1-2: Strikes out swinging
Top of the 4th over - 0 runs, 2 hits, 0 errors, 2 left on base; Toronto 1 - New York 1
BOTTOM OF THE 4TH
New York Yankees batting - Pitching for Toronto Blue Jays : LHP Robbie Erlin
Batting: LHB Willie Calhoun 0-0: Ball
1-0: Foul Ball, location: 2F
1-1: Fly out, F9 (Flyball, 9, EV 90.0 MPH)
Batting: RHB James McCann 0-0: Ball
1-0: Foul Ball, location: 2F
1-1: Foul Ball, location: 2F
1-2: Foul Ball, location: 2F
1-2: Ground out U3 (Groundball, 34, EV 105.0 MPH)
Batting: LHB Tony Kemp 0-0: Called Strike
0-1: Ball
1-1: Foul Ball, location: 2F
1-2: Reached on error, E5 (Groundball, 56, EV 105.6 MPH)
Batting: RHB Garrett Hampson 0-0: Ball
1-0: SINGLE (Line Drive, 56D, EV 94.4 MPH)
Tony Kemp to second
Batting: LHB Brandon Crawford 0-0: Ball
1-0: DOUBLE (Flyball, 8RXD, EV 95.0 MPH)
Tony Kemp scores
Garrett Hampson to third
Runner from 3rd tries for Home, SAFE, throw by CF to trailing runner, SAFE at third!
Batting: RHB Anthony Rendon 0-0: Ball
1-0: Ball
2-0: Called Strike
2-1: Foul Ball, location: 2F
2-2: DOUBLE (Line Drive, 89XD, EV 107.5 MPH)
Brandon Crawford scores
Batting: RHB Paul Goldschmidt 0-0: Called Strike
0-1: Ball
1-1: Ball
2-1: Swinging Strike
2-2: Ball
3-2: Foul Ball, location: 2F
3-2: Base on Balls
Batting: RHB Ryan Braun 0-0: Ball
1-0: Ball
2-0: Ball
3-0: Called Strike
3-1: Reached on error, E6 (Groundball, 6, EV 91.9 MPH)
Anthony Rendon to third
Paul Goldschmidt to second
Batting: RHB Eloy Jimenez 0-0: Reached on error, E7 (Line Drive, 7, EV 88.1 MPH)
Anthony Rendon scores
Paul Goldschmidt scores
Ryan Braun to third
Pitching: RHP JC Ramirez
Batting: LHB Willie Calhoun 0-0: Foul Ball, location: 2F
0-1: Fly out, F8 (Flyball, 8LM, EV 85.0 MPH)
Bottom of the 4th over - 5 runs, 3 hits, 3 errors, 2 left on base; Toronto 1 - New York 6
TOP OF THE 5TH
Toronto Blue Jays batting - Pitching for New York Yankees : LHP Caleb Ferguson
Batting: RHB Elvis Andrus 0-0: Fly out, F8 (Line Drive, 8LD, EV 108.8 MPH)
Batting: RHB Kris Bryant 0-0: Ball
1-0: Ground out 5-3 (Groundball, 56, EV 105.0 MPH)
Batting: RHB Nicholas Castellanos 0-0: Ball
1-0: Ball
2-0: Ball
3-0: Called Strike
3-1: Swinging Strike
3-2: Strikes out swinging
Top of the 5th over - 0 runs, 0 hits, 0 errors, 0 left on base; Toronto 1 - New York 6
BOTTOM OF THE 5TH
New York Yankees batting - Pitching for Toronto Blue Jays : RHP JC Ramirez
Batting: RHB James McCann 0-0: Ground out 6-3 (Groundball, 6, EV 87.5 MPH)
Batting: LHB Tony Kemp 0-0: Ball
1-0: Called Strike
1-1: TRIPLE (Flyball, 78XD, EV 94.4 MPH)
Pinch Runner at 3rd Austin Dean:
Batting: RHB Garrett Hampson 0-0: Ball
1-0: Ball
Wild Pitch!
Austin Dean scores
2-0: Called Strike
2-1: Ball
3-1: Foul Ball, location: 2F
3-2: Foul Ball, location: 2F
3-2: SINGLE (Groundball, 56D, EV 96.3 MPH)
Batting: LHB Brandon Crawford 0-0: 2-RUN HOME RUN (Flyball, 9D, EV 104.4 MPH), Distance : 359 ft
Batting: RHB Anthony Rendon 0-0: Called Strike
0-1: Foul Ball, location: 2F
0-2: Ball
1-2: Strikes out looking
Batting: RHB Paul Goldschmidt 0-0: Ground out 5-3 (Groundball, 56S, EV 72.5 MPH)
Bottom of the 5th over - 3 runs, 3 hits, 0 errors, 0 left on base; Toronto 1 - New York 9
TOP OF THE 6TH
Toronto Blue Jays batting - Pitching for New York Yankees : LHP Caleb Ferguson
Pitching: RHP Ryan Helsley
Now in CF: Manuel Margot
Batting: RHB Yoenis Cespedes 0-0: Swinging Strike
0-1: Foul Ball, location: 2F
0-2: Ball
1-2: Strikes out swinging
Batting: SHB Josh Bell 0-0: Ball
1-0: Fly out, F7 (Flyball, 78S, EV 86.3 MPH)
Batting: RHB Travis d'Arnaud 0-0: Called Strike
0-1: Ball
1-1: Ground out 5-3 (Groundball, 56, EV 84.4 MPH)
Top of the 6th over - 0 runs, 0 hits, 0 errors, 0 left on base; Toronto 1 - New York 9
BOTTOM OF THE 6TH
New York Yankees batting - Pitching for Toronto Blue Jays : RHP JC Ramirez
Batting: RHB Ryan Braun 0-0: Called Strike
0-1: Foul Ball, location: 2F
0-2: Strikes out swinging, 2-3 out at first.
Batting: RHB Eloy Jimenez 0-0: Ground out 5-3 (Groundball, 56, EV 88.1 MPH)
Batting: LHB Willie Calhoun 0-0: Ball
1-0: Foul Ball, location: 2F
1-1: Ball
2-1: Foul Ball, location: 2F
2-2: Foul Ball, location: 2F
2-2: Ball
3-2: SOLO HOME RUN (Flyball, 9LD, EV 104.4 MPH), Distance : 345 ft
Batting: RHB James McCann 0-0: Foul Ball, location: 2F
0-1: Called Strike
0-2: Ball
1-2: Foul Ball, location: 2F
1-2: Foul Ball, location: 2F
1-2: SINGLE (Groundball, 34D, EV 96.3 MPH)
Batting: RHB Manuel Margot 0-0: Ball
1-0: Called Strike
1-1: SINGLE (Groundball, 5D, EV 99.4 MPH)
James McCann to second
Batting: RHB Garrett Hampson 0-0: Swinging Strike
0-1: Ball
1-1: Swinging Strike
1-2: Foul Ball, location: 2F
1-2: Ball
2-2: Ball
3-2: Strikes out looking
Bottom of the 6th over - 1 run, 3 hits, 0 errors, 2 left on base; Toronto 1 - New York 10
TOP OF THE 7TH
Toronto Blue Jays batting - Pitching for New York Yankees : RHP Ryan Helsley
Batting: RHB Juan Lagares 0-0: Ball
1-0: Ball
2-0: Foul Ball, location: 2F
2-1: Fly out, F9 (Line Drive, 9, EV 95.0 MPH)
Pinch Hitting: RHB Calten Daal 0-0: Ball
1-0: Ball
2-0: SINGLE (Groundball, 6D, EV 98.1 MPH)
Pinch Hitting: RHB Aledmys Diaz 0-0: Ball
1-0: Fly out, F7 (Flyball, 7, EV 80.0 MPH)
Batting: RHB Elvis Andrus 0-0: Called Strike
0-1: Ball
1-1: Foul Ball, location: 2F
1-2: Ball
2-2: Ball
3-2: Base on Balls
Calten Daal to second
Batting: RHB Kris Bryant 0-0: SINGLE (Flyball, 3D, EV 90.6 MPH)
Calten Daal to third
Elvis Andrus to second
Batting: RHB Nicholas Castellanos 0-0: Called Strike
0-1: Ball
1-1: Ball
2-1: Foul Ball, location: 2F
2-2: Ball
3-2: Strikes out swinging
Top of the 7th over - 0 runs, 2 hits, 0 errors, 3 left on base; Toronto 1 - New York 10
BOTTOM OF THE 7TH
New York Yankees batting - Pitching for Toronto Blue Jays : RHP JC Ramirez
Pitching: RHP Shelby Miller
Now at 2B: Calten Daal
Now in RF: Jorge Soler
Batting: LHB Brandon Crawford 0-0: Ball
1-0: Ball
2-0: Fly out, F9 (Flyball, 9D, EV 99.4 MPH)
Batting: RHB Anthony Rendon 0-0: Foul Ball, location: 2F
0-1: Foul Ball, location: 2F
0-2: Ball
1-2: Ground out 6-3 (Groundball, 6, EV 105.0 MPH)
Batting: RHB Paul Goldschmidt 0-0: Swinging Strike
0-1: Ball
1-1: Foul Ball, location: 2F
1-2: Ball
2-2: Fly out, F9 (Flyball, 9, EV 87.5 MPH)
Bottom of the 7th over - 0 runs, 0 hits, 0 errors, 0 left on base; Toronto 1 - New York 10
TOP OF THE 8TH
Toronto Blue Jays batting - Pitching for New York Yankees : RHP Ryan Helsley
Pitching: LHP Xavier Cedeno
Batting: RHB Yoenis Cespedes 0-0: Fly out, F8 (Line Drive, 8LD, EV 107.5 MPH)
Batting: SHB Josh Bell 0-0: Swinging Strike
0-1: Foul Ball, location: 2F
0-2: Strikes out swinging
Batting: RHB Travis d'Arnaud 0-0: Ball
1-0: Fly out, F3 (Popup, 3SF, EV 78.8 MPH)
Top of the 8th over - 0 runs, 0 hits, 0 errors, 0 left on base; Toronto 1 - New York 10
BOTTOM OF THE 8TH
New York Yankees batting - Pitching for Toronto Blue Jays : RHP Shelby Miller
Batting: RHB Ryan Braun 0-0: SINGLE (Groundball, 4M, EV 100.6 MPH) (infield hit)
Batting: RHB Eloy Jimenez 0-0: Ball
1-0: Swinging Strike
1-1: SINGLE (Line Drive, 6D, EV 111.3 MPH)
Ryan Braun to second
Batting: LHB Willie Calhoun 0-0: Called Strike
0-1: Swinging Strike
0-2: Strikes out looking
Batting: RHB James McCann 0-0: Called Strike
0-1: Ball
1-1: Foul Ball, location: 2F
1-2: Strikes out looking
Batting: RHB Manuel Margot 0-0: Called Strike
0-1: Ball
1-1: Foul Ball, location: 2F
1-2: Strikes out swinging
Bottom of the 8th over - 0 runs, 2 hits, 0 errors, 2 left on base; Toronto 1 - New York 10
TOP OF THE 9TH
Toronto Blue Jays batting - Pitching for New York Yankees : LHP Xavier Cedeno
Batting: RHB Juan Lagares 0-0: Called Strike
0-1: Fly out, F4 (Flyball, 3D, EV 86.3 MPH)
Batting: RHB Calten Daal 0-0: Ball
1-0: Swinging Strike
1-1: Ball
2-1: Foul Ball, location: 2F
2-2: Foul Ball, location: 2F
2-2: Strikes out swinging
Batting: RHB Jorge Soler 0-0: Called Strike
0-1: Swinging Strike
0-2: Foul Ball, location: 2F
0-2: Ball
1-2: Foul Ball, location: 2F
1-2: Ball
2-2: Strikes out swinging
Top of the 9th over - 0 runs, 0 hits, 0 errors, 0 left on base; Toronto 1 - New York 10
Sunday, December 29th, 2019 - OOTP Baseball 20.8 Build 73